 Dungeon Crawl Stone Soup version 0.16.2-12-gd0ad4c3 (webtiles) character file.

30830 faibistes the Thaumaturge (level 13, 0/72 HPs)
             Began as a Deep Elf Wizard on Oct 7, 2018.
             Was the Champion of Sif Muna.
             Slain by an eight-headed hydra (11 damage)
             ... on level 8 of the Lair of Beasts.
             The game lasted 01:07:45 (23104 turns).

faibistes the Thaumaturge (Deep Elf Wizard)        Turns: 23104, Time: 01:07:46

Health: 0/72       AC:  9    Str:  7    XL:     13   Next: 22%
Magic:  36/36      EV: 17    Int: 29    God:    Sif Muna [******]
Gold:   622        SH:  0    Dex: 13    Spells: 9 memorised, 11 levels left

rFire  . . .     SeeInvis +     w - +5 dagger (elec)
rCold  x . .     Clarity  .     V - +2 robe {rN+}
rNeg   + . .     SustAb   .     (no shield)
rPois  +         Gourm    .     b - +0 hat
rElec  .         Spirit   .     a - +2 cloak
rCorr  .         Warding  .     (no gloves)
rMut   .         Stasis   .     R - +1 pair of boots "Mait" {rPois rC- SInv Stlth+}
MR     +....                    i - amulet of regeneration
Stlth  ++++......               c - ring of stealth
                                u - +3 ring of strength

@: repel missiles, somewhat resistant to hostile enchantments, stealthy
A: no striking features
a: Channel Energy, Forget Spell, Renounce Religion


You were on level 8 of the Lair of Beasts.
You worshipped Sif Muna.
Sif Muna was exalted by your worship.
You were not hungry.

You visited 3 branches of the dungeon, and saw 19 of its levels.

You collected 622 gold pieces.

Inventory:

Hand weapons
 h - a +0 dagger
 w - a +5 dagger of electrocution (weapon)
Armour
 a - a +2 cloak (worn)
 b - a +0 hat (worn)
 R - the +1 pair of boots "Mait" (worn) {rPois rC- SInv Stlth+}
   (You found it on level 5 of the Lair of Beasts)

   It makes you vulnerable to cold.
   It protects you from poison.
   It enhances your eyesight.
   It makes you more stealthy.
 V - a +2 robe of positive energy (worn)
Jewellery
 c - a ring of stealth (right hand)
 f - an uncursed ring of protection from fire
 i - an amulet of regeneration (around neck)
 u - a +3 ring of strength (left hand)
 z - an uncursed ring of sustain abilities
 P - an uncursed ring of stealth
 S - an uncursed ring of fire
 X - an uncursed ring of see invisible
Magical devices
 e - a wand of flame (18)
 y - a wand of slowing (13)
 A - a wand of lightning (4)
 B - a wand of hasting (6)
 E - a wand of enslavement (13)
 T - a wand of invisibility (2)
 U - a wand of slowing (25)
 W - a wand of fire (5)
Scrolls
 g - a scroll of summoning
 k - 2 scrolls of blinking
 l - a scroll of recharging
 m - a scroll of fog
 v - a scroll of teleportation
 D - a scroll of amnesia
 H - a scroll of remove curse
 O - a scroll of identify
Potions
 j - a potion of flight
 n - 3 potions of magic
 q - 2 potions of agility
 r - 2 potions of lignification
 s - a potion of haste
 t - 2 potions of resistance
 x - a potion of might
 C - a potion of curing
 G - 2 potions of cure mutation
 I - 2 potions of ambrosia
 M - a potion of restore abilities
 Q - 3 potions of cancellation
 Z - a potion of brilliance
Books
 J - Sif Muna's Grimoire of Confrontation
   (Sif Muna gifted it to you on level 4 of the Lair of Beasts)

   Spells                             Type                      Level
   a - Sting                          Conjuration/Poison           1
   b - Shock                          Conjuration/Air              1
   c - Venom Bolt                     Conjuration/Poison           5
   d - Freezing Cloud                 Conjuration/Ice/Air          6
   e - Delayed Fireball               Conjuration/Fire             7
Comestibles
 d - 6 bread rations
 o - 2 slices of pizza
 p - 4 meat rations
 F - 2 fruits
 K - 11 royal jellies
 L - 4 beef jerkies
 N - 7 chunks of flesh


   Skills:
 + Level 5.2 Fighting
 + Level 9.2 Dodging
 - Level 2.4 Stealth
 * Level 13.4 Spellcasting
 * Level 9.6 Conjurations
 - Level 7.0 Charms
 - Level 1.1 Summonings
 + Level 6.6 Translocations
 * Level 9.5 Fire Magic
 - Level 4.0 Air Magic
 - Level 2.8 Poison Magic
 * Level 8.6 Invocations
 + Level 6.1 Evocations


You had 11 spell levels left.
You knew the following spells:

 Your Spells              Type           Power        Failure   Level  Hunger
a - Magic Dart            Conj           ####         1%          1    None
b - Conjure Flame         Conj/Fire      ######..     1%          3    None
c - Call Imp              Summ           ####....     2%          2    None
d - Blink                 Tloc           N/A          1%          2    None
e - Mephitic Cloud        Conj/Pois/Air  ######..     1%          3    None
f - Repel Missiles        Chrm/Air       ######       1%          2    None
v - Venom Bolt            Conj/Pois      ######....   8%          5    #......
x - Sticky Flame          Conj/Fire      ######..     1%          4    None
z - Fireball              Conj/Fire      ######....   1%          5    #......


Dungeon Overview and Level Annotations

Branches:
Dungeon (10/15)            Temple (1/1) D:6            Lair (8/8) D:9
 Shoals (0/5) Lair:5       Spider (0/5) Lair:4
  Slime: Lair:6-8       Orc: D:9-12

Altars:
Ashenzari
Cheibriados
Dithmenos
Elyvilon
Fedhas
Gozag
Kikubaaqudgha
Makhleb
Nemelex Xobeh
Okawaru
Qazlal
Ru
Sif Muna
Trog
Vehumet
Xom
Yredelemnul
Zin
The Shining One


Message History

You see here a +1 short sword of electrocution.
There is a stone staircase leading down, spattered with blood here.
You climb downwards.
A hippogriff comes into view.
The crocodile bites you!!
The eight-headed hydra bites you but does no damage.
The eight-headed hydra barely misses you.
The eight-headed hydra bites you.
The eight-headed hydra closely misses you.
The eight-headed hydra bites you but does no damage.
The eight-headed hydra bites you! The eight-headed hydra bites you.
The eight-headed hydra bites you.
There is a stone staircase leading up, spattered with blood here.
The crocodile bites you!
The eight-headed hydra closely misses you.
The eight-headed hydra bites you but does no damage.
The eight-headed hydra bites you!
* * * LOW HITPOINT WARNING * * *
The eight-headed hydra bites you!
You die...

... .PP.....# ..
P...... .
........ .P.
.#....##
..P.#.....P##
............##P
.............P..P
........@D.......
.......t......}.$
...............
.....PP...H....
.....P.......#.
P............
....#......
..#...... ...


You could see an eight-headed hydra, a hippogriff (wandering) and a crocodile.

Vanquished Creatures
  5 hydras
  A death yak (Lair:5)
  2 skeletal warriors (D:10)
  A wolf spider (Lair:4)
  2 griffons
  4 elephants
  A manticore (Lair:5)
  Joseph (D:8)
  2 black mambas
  6 spiny frogs
  3 komodo dragons
  A fire drake (D:9)
  A polar bear (Lair:4)
  A troll (D:9)
  20 blink frogs
  A boulder beetle (Lair:6)
  2 ravens (Lair:4)
  A trapdoor spider zombie (D:8)
  A basilisk (Lair:4)
  26 yaks
  A deep elf mage (D:9)
  A wyvern (Lair:3)
  Eustachio (D:4)
  7 hippogriffs
  3 wolves (Lair:2)
  9 humans (Lair:6)
  A soldier ant (D:7)
  10 porcupines
  3 orc warriors
  5 water moccasins
  A wasp (D:9)
  A sky beast (D:5)
  2 spiders
  3 ice beasts
  A boring beetle (D:7)
  5 ogres
  5 centaurs
  12 big kobolds
  7 crocodiles
  10 giant frogs
  Blork the orc (D:9)
  A wyvern skeleton (D:9)
  2 scorpions (D:7)
  3 goliath beetles
  3 orc priests
  4 crimson imps
  A giant frog skeleton (D:8)
  9 hounds
  5 iguanas
  2 jellies
  6 orc wizards
  8 worker ants
  7 sheep
  A hound zombie (D:9)
  A hound skeleton (D:4)
  A worker ant zombie (D:6)
  18 adders
  3 gnolls (D:4)
  37 river rats
  A white imp (D:8)
  2 worms (D:3)
  An adder zombie (D:7)
  4 giant geckos
  2 oozes (D:2)
  19 orcs
  4 ball pythons
  11 bats
  A bat skeleton (D:4)
  4 giant cockroaches
  18 goblins
  18 hobgoblins
  20 jackals
  11 quokkas
  8 giant newts
  A jackal zombie (D:5)
  46 kobolds
  2 quokka skeletons
  A quokka zombie (D:8)
  15 rats
  3 plants (D:6)
475 creatures vanquished.

Vanquished Creatures (collateral kills)
  A water moccasin (D:7)
  A big kobold (D:8)
  A hound (D:8)
  An adder (Lair:2)
  A bat (D:7)
  A giant cockroach (D:1)
  A goblin (D:7)
  A hobgoblin (D:1)
  A kobold (D:1)
9 creatures vanquished.

Vanquished Creatures (others)
  A water moccasin (Lair:7)
  8 crimson imps (Lair:2)
  2 shadow imps (Lair:2)
  4 white imps (Lair:2)
  4 kobolds (D:6)
  26 fungi
  25 plants
70 creatures vanquished.

Grand Total: 554 creatures vanquished

Notes
Turn   | Place    | Note
--------------------------------------------------------------
     0 | D:1      | faibistes, the Deep Elf Wizard, began the quest for the Orb.
     0 | D:1      | Reached XP level 1. HP: 10/10 MP: 6/6
   323 | D:2      | Reached XP level 2. HP: 15/15 MP: 7/9
   330 | D:2      | Learned a level 2 spell: Blink
   333 | D:2      | Learned a level 2 spell: Call Imp
   499 | D:1      | You fall through a shaft!
  1752 | D:2      | Reached XP level 3. HP: 19/19 MP: 11/13
  1757 | D:2      | Learned a level 3 spell: Conjure Flame
  1761 | D:2      | Learned a level 3 spell: Mephitic Cloud
  1862 | D:2      | Reached skill level 5 in Spellcasting
  2358 | D:2      | Reached XP level 4. HP: 24/24 MP: 12/17
  2362 | D:2      | Learned a level 2 spell: Repel Missiles
  3064 | D:3      | Found an iron altar of Okawaru.
  3149 | D:3      | Found an ancient bone altar of Kikubaaqudgha.
  3644 | D:4      | Reached XP level 5. HP: 28/28 MP: 11/20
  3727 | D:5      | Entered Level 5 of the Dungeon
  3727 | D:5      | Noticed a centaur
  3738 | D:5      | Killed a centaur
  3738 | D:5      | Reached skill level 6 in Spellcasting
  3880 | D:4      | Reached XP level 6. HP: 32/32 MP: 14/22
  4307 | D:4      | Noticed Eustachio
  4325 | D:4      | Killed Eustachio
  4325 | D:4      | Reached skill level 7 in Spellcasting
  4712 | D:4      | Noticed an ogre
  4721 | D:4      | Killed an ogre
  4721 | D:4      | Reached skill level 1 in Fighting
  4721 | D:4      | Reached XP level 7. HP: 35/38 MP: 15/25
  4831 | D:4      | Found a snail-covered altar of Cheibriados.
  5195 | D:5      | Reached skill level 5 in Dodging
  5294 | D:5      | Reached skill level 8 in Spellcasting
  5767 | D:6      | Found a staircase to the Ecumenical Temple.
  5779 | Temple   | Entered the Ecumenical Temple
  5893 | Temple   | Became a worshipper of Sif Muna the Loreminder
  5953 | D:6      | Found an opulent altar of Gozag.
  6081 | D:6      | Reached skill level 1 in Fire Magic
  6338 | D:6      | Reached skill level 1 in Air Magic
  6338 | D:6      | Reached XP level 8. HP: 15/45 MP: 13/27
  6790 | D:6      | Reached skill level 9 in Spellcasting
  6790 | D:6      | Reached skill level 1 in Poison Magic
  6901 | D:6      | Acquired Sif Muna's first power
  7328 | D:6      | Reached skill level 5 in Conjurations
  8669 | D:9      | Reached XP level 9. HP: 49/49 MP: 22/29
  8683 | D:8      | Acquired Sif Muna's second power
  8946 | D:7      | Found a shimmering altar of Xom.
  8997 | D:7      | Noticed a fire giant
  9522 | D:7      | Found a sparkling altar of Nemelex Xobeh.
  9523 | D:7      | Found an opulent altar of Gozag.
  9904 | D:7      | Reached skill level 1 in Invocations
 10056 | D:7      | Reached skill level 10 in Spellcasting
 10056 | D:7      | Reached skill level 1 in Charms
 10150 | D:8      | Found a radiant altar of Vehumet.
 10420 | D:8      | Noticed Joseph
 10476 | D:8      | Killed Joseph
 10476 | D:8      | Reached skill level 1 in Evocations
 10678 | D:8      | Reached skill level 5 in Fire Magic
 10707 | D:8      | Reached XP level 10. HP: 56/56 MP: 13/31
 10977 | D:8      | Found a glowing silver altar of Zin.
 11890 | D:9      | Found a sacrificial altar of Ru.
 12169 | D:10     | Entered Level 10 of the Dungeon
 12189 | D:10     | Noticed a skeletal warrior
 12202 | D:10     | Noticed a hill giant
 12204 | D:10     | Noticed a skeletal warrior
 12209 | D:10     | Killed a skeletal warrior
 12211 | D:10     | Killed a skeletal warrior
 12211 | D:10     | Reached skill level 11 in Spellcasting
 12221 | D:10     | Noticed a skeletal warrior
 12338 | D:9      | Found a white marble altar of Elyvilon.
 12373 | D:9      | Acquired Sif Muna's third power
 12635 | D:9      | Found a staircase to the Lair.
 12635 | D:9      | Noticed a fire drake
 12668 | D:9      | Killed a fire drake
 13164 | D:9      | Found a blossoming altar of Fedhas.
 13341 | D:9      | Noticed a troll
 13343 | D:9      | Noticed Blork the orc
 13349 | D:9      | Killed a troll
 13349 | D:9      | Reached skill level 5 in Invocations
 13350 | D:9      | Killed Blork the orc
 13627 | Lair:1   | Entered Level 1 of the Lair of Beasts
 13735 | Lair:2   | Reached XP level 11. HP: 60/60 MP: 29/33
 14631 | Lair:2   | Found a basalt altar of Yredelemnul.
 14951 | Lair:2   | Noticed a six-headed hydra
 14959 | Lair:2   | Killed a six-headed hydra
 15794 | Lair:2   | Noticed an eight-headed hydra
 15805 | Lair:2   | Killed an eight-headed hydra
 15805 | Lair:2   | Reached skill level 5 in Charms
 15805 | Lair:2   | Reached skill level 5 in Translocations
 16753 | Lair:2   | Reached skill level 12 in Spellcasting
 17394 | Lair:2   | Learned a level 5 spell: Fireball
 17399 | Lair:2   | Learned a level 4 spell: Sticky Flame
 17843 | Lair:3   | Reached XP level 12. HP: 12/67 MP: 2/35
 17848 | Lair:3   | HP: 3/67 [blink frog (12)]
 19987 | Lair:4   | Received a gift from Sif Muna
 19988 | Lair:4   | Identified Sif Muna's Grimoire of Confrontation (Sif Muna gifted it to you on level 4 of the Lair of Beasts)
 19995 | Lair:4   | Learned a level 5 spell: Venom Bolt
 20081 | Lair:4   | Reached skill level 5 in Evocations
 20177 | Lair:4   | Found a hole to the Spider Nest.
 20582 | Lair:5   | Noticed a death yak
 20604 | Lair:5   | Killed a death yak
 20873 | Lair:5   | Got a pair of faintly glowing boots
 20884 | Lair:5   | Identified the +1 pair of boots "Mait" {rPois rC- SInv Stlth+} (You found it on level 5 of the Lair of Beasts)
 21260 | Lair:5   | Found a staircase to the Shoals.
 21261 | Lair:5   | Noticed an eight-headed hydra
 21270 | Lair:5   | Killed an eight-headed hydra
 21270 | Lair:5   | Reached skill level 5 in Fighting
 21493 | Lair:5   | Noticed a four-headed hydra
 21939 | Lair:5   | Killed a four-headed hydra
 22105 | Lair:6   | Reached skill level 13 in Spellcasting
 22147 | Lair:6   | Reached XP level 13. HP: 70/72 MP: 15/36
 22766 | Lair:8   | Entered Level 8 of the Lair of Beasts
 23104 | Lair:8   | Slain by an eight-headed hydra

Action                   |  1- 3 |  4- 6 |  7- 9 | 10-12 | 13-15 || total
-------------------------+-------+-------+-------+-------+-------++-------
Melee: Dagger            |     1 |     4 |   318 |   145 |    19 ||   487
       Short sword       |       |       |       |    26 |       ||    26
 Cast: Magic Dart        |    96 |   151 |   405 |   491 |       ||  1143
       Call Imp          |     2 |       |     8 |    33 |       ||    43
       Blink             |     4 |       |     8 |    41 |     7 ||    60
       Mephitic Cloud    |     3 |     5 |    34 |    52 |     1 ||    95
       Conjure Flame     |       |     5 |    37 |    95 |     7 ||   144
       Repel Missiles    |       |     2 |     1 |     2 |       ||     5
       Fireball          |       |       |       |    59 |    25 ||    84
       Sticky Flame      |       |       |       |    28 |     9 ||    37
       Venom Bolt        |       |       |       |     1 |       ||     1
Invok: Channel Energy    |       |       |     4 |    14 |    10 ||    28
Evoke: Wand              |       |       |     1 |     6 |       ||     7
  Use: Scroll            |       |     8 |     1 |    24 |     3 ||    36
       Potion            |       |       |     1 |     7 |       ||     8
 Stab: Confused          |       |     1 |     1 |     3 |       ||     5
  Eat: Chunk             |     5 |     7 |    20 |    35 |     7 ||    74
       Fruit             |       |       |     1 |     4 |       ||     5
       Beef jerky        |       |       |       |     4 |       ||     4
